 Dungeon Crawl Stone Soup version 0.31-a0-844-gdc52ec4e09 (webtiles) character file.

Game seed: 5980286497918375383

340 IndexError the Conjurer (level 6, 0/32 HPs)
             Began as a Gargoyle Conjurer on Sept 28, 2023.
             Slain by a centaur zombie (1 damage)
             ... in an ossuary.
             The game lasted 00:06:29 (3763 turns).

IndexError the Conjurer (Gargoyle Conjurer)         Turns: 3763, Time: 00:06:30

Health: 0/32       AC:  7    Str: 11    XL:     6   Next: 56%
Magic:  1/12       EV: 11    Int: 20    God:
Gold:   223        SH:  5    Dex:  8    Spells: 11/14 levels left

rFire   . . .        m - +2 short sword (speed)
rCold   . . .        (no shield)
rNeg    + . .        a - +0 robe
rPois   ∞            (no helmet)
rElec   +            (no cloak)
rCorr   +            i - +0 pair of gloves
SInv    .            (no boots)
Will    +....        s - amulet of reflection
Stlth   ++           h - ring of resist corrosion
HPRegen 0.25/turn    o - ring of willpower
MPRegen 0.13/turn

%: reflection
@: no status effects
A: sickness immunity, AC +4, negative energy resistance 1, electricity
resistance, torment resistance 1, petrification resistance
a: no special abilities


You were in an ossuary.
You visited 1 branch of the dungeon, and saw 4 of its levels.
You also visited: Ossuary.

You collected 223 gold pieces.

Inventory:

Hand Weapons
 m - a +2 short sword of speed (weapon)
   (You took it off a kobold on level 1 of the Dungeon)
Missiles
 f - 8 boomerangs
Armour
 a - a +0 robe (worn)
 i - a +0 pair of gloves (worn)
   (You found it on level 1 of the Dungeon)
Jewellery
 h - a ring of resist corrosion (left hand)
   (You found it on level 1 of the Dungeon)
 o - a ring of willpower (right hand)
   (You found it on level 2 of the Dungeon)
 s - an amulet of reflection (around neck)
   (You found it on level 2 of the Dungeon)
Wands
 u - a wand of iceblast (7)
   (You found it on level 3 of the Dungeon)
Scrolls
 c - 7 scrolls of identify {unknown}
 d - a scroll of brand weapon {unknown}
 j - 3 scrolls of enchant armour {unknown}
 k - a scroll of noise {unknown}
 l - 2 scrolls of enchant weapon {unknown}
 p - 6 scrolls of vulnerability {unknown}
 w - a scroll of amnesia {unknown}
Potions
 b - a potion of magic
 e - a potion of mutation {unknown}
 g - a potion of brilliance {unknown}
 n - a potion of might {unknown}
 q - a potion of curing {unknown}
 r - a potion of attraction {unknown}
 t - a potion of cancellation {unknown}
 v - a potion of degeneration {unknown}


   Skills:
 - Level 1.5 Dodging
 - Level 2.1 Stealth
 + Level 4.5 Spellcasting
 + Level 6.7 Conjurations


You had 11 spell levels left.
You knew the following spells:

 Your Spells              Type           Power      Damage    Failure   Level
a - Magic Dart            Conj           100%       1d8       1%          1
b - Searing Ray           Conj           62%        2d6       1%          2

Your spell library contained the following spells:

 Spells                   Type           Power      Damage    Failure   Level
 Dazzling Flash           Conj/Hex       36%        N/A       9%          3
 Fulminant Prism          Conj/Hex       9%         3d7       30%         4
 Iskenderun's Mystic Bla  Conj/Tloc      18%        2d6       30%         4
 Agony                    Necr           4%         N/A       98%         5
 Silence                  Hex/Air        2%         N/A       98%         5


Dungeon Overview and Level Annotations

Branches:
Dungeon (4/15)            Ossuary (1/1)
 Temple: D:4-7

Altars:
Trog


Innate Abilities, Weirdness & Mutations

You are immune to sickness and miasma.
Your stone body is resilient. (AC +4)
You are immune to poison.
You resist negative energy. (rN+)
You are resistant to electric shocks. (rElec)
You are resistant to unholy torment.
You are immune to petrification.


Message History

An orc zombie comes into view.
You take 1 damage, and have 19/32 hp.
You hit the kobold zombie. You hit the kobold zombie.
The centaur zombie hits you but does no damage.
The centaur zombie kicks you but does no damage.
The centaur zombie hits you but does no damage.
You block the centaur zombie's attack. The kobold zombie barely misses you.
You hit the kobold zombie.
The centaur zombie hits you but does no damage.
The centaur zombie kicks you but does no damage.
The centaur zombie hits you but does no damage.
The centaur zombie closely misses you.
A kobold zombie comes into view.
The centaur zombie closely misses you. You block the centaur zombie's attack.
The centaur zombie misses you. You block the centaur zombie's attack.
A mummy comes into view.
The centaur zombie attacks as it pursues you!
The centaur zombie barely misses you. You block the centaur zombie's attack.
The orc zombie misses you.
A hobgoblin zombie comes into view.
The centaur zombie hits you. The centaur zombie kicks you.
You take 2 damage, and have 19/32 hp.
The orc zombie barely misses you.
The kobold zombie completely misses you.
The centaur zombie hits you. The centaur zombie kicks you.
You take 2 damage, and have 17/32 hp.
You block the kobold zombie's attack. The mummy attacks as it pursues you!
The mummy hits you.
You take 1 damage, and have 16/32 hp.
The mummy hits you!
* * * LOW HITPOINT WARNING * * *
The hobgoblin zombie closely misses you.
You take 9 damage, and have 7/32 hp.
MASSIVE DAMAGE!!
You block the hobgoblin zombie's attack.
The hobgoblin zombie hits you but does no damage.
The centaur zombie attacks as it pursues you!
The centaur zombie hits you.
* * * LOW HITPOINT WARNING * * *
The centaur zombie closely misses you.
You take 3 damage, and have 5/32 hp.
The centaur zombie attacks as it pursues you!
The centaur zombie hits you.
* * * LOW HITPOINT WARNING * * *
You block the centaur zombie's attack.
The centaur zombie completely misses you.
The centaur zombie kicks you but does no damage.
You take 1 damage, and have 4/32 hp.
The centaur zombie attacks as it pursues you!
The centaur zombie hits you but does no damage.
The centaur zombie misses you.
The centaur zombie attacks as it pursues you!
You block the centaur zombie's attack.
The centaur zombie kicks you but does no damage.
You block the centaur zombie's attack. The centaur zombie barely misses you.
The centaur zombie attacks as it pursues you!
The centaur zombie closely misses you.
The centaur zombie kicks you but does no damage.
The centaur zombie attacks as it pursues you!
You block the centaur zombie's attack. The centaur zombie kicks you.
* * * LOW HITPOINT WARNING * * *
The centaur zombie hits you but does no damage.
The centaur zombie completely misses you.
You take 2 damage, and have 3/32 hp.
Casting: Searing Ray (safe; 1% risk of failure)
Confirm with . or Enter, or press ? or * to list all spells.
Aiming: Searing Ray (safe; 1% risk of failure)
Press: ? - help, Shift-Dir - straight line, f - hobgoblin zombie
Aim: a hobgoblin zombie (93% to hit)
The searing ray hits the centaur zombie.
The searing ray hits the centaur zombie!
The searing ray hits the hobgoblin zombie! (Press . to maintain the ray.)
The centaur zombie misses you. The centaur zombie closely misses you.
The centaur zombie hits you but does no damage.
The centaur zombie kicks you but does no damage.
You now have 3/12 mp.
The searing ray hits the centaur zombie!
The centaur zombie barely misses you. You block the centaur zombie's attack.
The centaur zombie hits you but does no damage.
The centaur zombie kicks you but does no damage.
You now have 2/12 mp.
The searing ray hits the centaur zombie.
The searing ray hits the kobold zombie.
The centaur zombie hits you.
* * * LOW HITPOINT WARNING * * *
The centaur zombie kicks you but does no damage.
The centaur zombie hits you.
* * * LOW HITPOINT WARNING * * *
The centaur zombie barely misses you.
You take 2 damage, and have 2/32 hp.
The searing ray hits the centaur zombie!
The searing ray hits the kobold zombie.
You finish channelling your searing ray.
The centaur zombie closely misses you.
The centaur zombie kicks you but does no damage.
The centaur zombie barely misses you. The centaur zombie closely misses you.
The centaur zombie hits you.
* * * LOW HITPOINT WARNING * * *
The centaur zombie barely misses you. The centaur zombie hits you.
You die...

######################
#....................#
#........Z...........#
#......Z.8..8........#
#.....@Z....M..M.....#
#...######..######...#
#...# #^.# #.M.# #...#
#^.# #Z..# #...# #^^#
#...# #...# .....
#...# #...# ###....
#...# #...# #.....
#...# #...# #......
#...#


You could see a mummy, an orc zombie and 2 centaur zombies.

Vanquished Creatures
  An elf zombie (Ossuary)
  An orc priest (D:3)
  Terence (D:3)
  Natasha (thrice) (D:2)
  4 gnolls
  2 adders
  A worm (D:2)
  2 dart slugs (D:1)
  5 orcs (D:3)
  5 endoplasms
  3 giant cockroaches
  5 goblins
  5 hobgoblins
  A quokka (D:1)
  4 ball pythons
  7 bats
  4 frilled lizards
  6 hobgoblin zombies (Ossuary)
  A jackal zombie (Ossuary)
  7 kobolds
  8 kobold zombies (Ossuary)
  9 orc zombies (Ossuary)
  4 rats
89 creatures vanquished.

Notes
Turn   | Place    | Note
-------+----------+-------------------------------------------
     0 | D:1      | IndexError the Gargoyle Conjurer began the quest for the
                  | Orb.
     0 | D:1      | Reached XP level 1. HP: 10/10 MP: 3/3
   255 | D:1      | Reached XP level 2. HP: 15/15 MP: 1/5
  1080 | D:1      | Reached XP level 3. HP: 19/19 MP: 3/6
  1185 | D:1      | Reached skill level 5 in Conjurations
  1579 | D:2      | Learned a level 2 spell: Searing Ray
  1702 | D:2      | Reached skill level 3 in Spellcasting
  1774 | D:2      | Noticed Natasha
  1779 | D:2      | Killed Natasha
  1780 | D:2      | Reached XP level 4. HP: 23/24 MP: 1/8
  2156 | D:2      | Noticed Natasha
  2162 | D:2      | Killed Natasha
  2178 | D:2      | Noticed Natasha
  2311 | D:2      | Killed Natasha
  2312 | D:2      | Reached XP level 5. HP: 25/28 MP: 4/10
  2491 | D:3      | Noticed Terence
  2494 | D:3      | Killed Terence
  2495 | D:3      | Reached skill level 6 in Conjurations
  2502 | D:3      | Reached skill level 4 in Spellcasting
  2639 | D:3      | Found a bloodstained altar of Trog.
  2708 | D:3      | Reached XP level 6. HP: 32/32 MP: 0/12
  2966 | D:3      | Found a faded altar of an unknown god.
  3265 | D:4      | Found a sand-covered staircase.
  3274 | Ossuary  | Entered an ossuary
  3745 | Ossuary  | HP: 7/32 [mummy (9)]
  3752 | Ossuary  | HP: 4/32 [centaur zombie (2)]
  3759 | Ossuary  | HP: 3/32 [centaur zombie (2)]
  3763 | Ossuary  | HP: 1/32 [centaur zombie (1)]
  3763 | Ossuary  | Slain by a centaur zombie

Illustrated notes

Levels and vault maps discovered:
D:1:      lemuel_arrival_funnel, layout_basic
D:2:      layout_rooms, uniq_natasha
D:3:      layout_rooms, marbit_many_paths,
          chequers_ecumenical_altar_simple_redux, uniq_terence
D:4:      layout_basic, lightli_ossuary_entry_decrepit_ruins
Ossuary:  ossuary_tomb_1

Skill      XL: |  1  2  3  4  5 |
---------------+----------------+-----
Conjurations   | 5 6 |  6.7
Spellcasting   | 3 4 |  4.5
Dodging        | |  1.5
Stealth        | |  2.1

Action                     |  1- 3 |  4- 6 || total
---------------------------+-------+-------++-------
  Melee: Unarmed           |     4 |       ||     4
         Short sword       |     4 |     6 ||    10
  Throw: Boomerang         |     3 |       ||     3
   Cast: Magic Dart        |    76 |    83 ||   159
         Searing Ray       |     1 |    10 ||    11
 Armour: Robe              |     6 |    61 ||    67
  Dodge: Dodged            |    10 |    39 ||    49
  Block: Other             |       |    19 ||    19

Table legend: (Time is in decaauts)
 A = Elapsed time spent in this place.
 B = Non-inter-level travel time spent in this place.
 C = Inter-level travel time spent in this place.
 D = Time resting spent in this place.
 E = Time spent auto-exploring this place.
 F = Levels seen in this place.
 G = Mean time per level.
                   A        B        C        D        E       F      G
               +--------+--------+--------+--------+--------+-----+--------+
         Total |   3758 |   3609 |    149 |     54 |   3018 |   5 |  751.6 |
       Dungeon |   3272 |   3123 |    149 |     21 |   2745 |   4 |  818.0 |
       Ossuary |    486 |    486 |      0 |     33 |    273 |   1 |  486.0 |
               +--------+--------+--------+--------+--------+-----+--------+

Top non-repeatable levels by time:
     D:1: 1481 daAuts
     D:2: 963 daAuts
     D:3: 746 daAuts
 Ossuary: 486 daAuts
     D:4: 80 daAuts

Levels and vault maps discovered:
D:1:      lemuel_arrival_funnel, layout_basic
D:2:      layout_rooms, uniq_natasha
D:3:      layout_rooms, marbit_many_paths,
          chequers_ecumenical_altar_simple_redux, uniq_terence
D:4:      layout_basic, lightli_ossuary_entry_decrepit_ruins
Ossuary:  ossuary_tomb_1

Table legend: (Time is in decaauts)
 A = Elapsed time spent in this place.
 B = Non-inter-level travel time spent in this place.
 C = Inter-level travel time spent in this place.
 D = Time resting spent in this place.
 E = Time spent auto-exploring this place.
 F = Levels seen in this place.
 G = Mean time per level.
                   A        B        C        D        E       F      G
               +--------+--------+--------+--------+--------+-----+--------+
         Total |   3758 |   3609 |    149 |     54 |   3018 |   5 |  751.6 |
       Dungeon |   3272 |   3123 |    149 |     21 |   2745 |   4 |  818.0 |
       Ossuary |    486 |    486 |      0 |     33 |    273 |   1 |  486.0 |
               +--------+--------+--------+--------+--------+-----+--------+

Top non-repeatable levels by time:
     D:1: 1481 daAuts
     D:2: 963 daAuts
     D:3: 746 daAuts
 Ossuary: 486 daAuts
     D:4: 80 daAuts

Table legend:
 A = Kills in this place as a percentage of kills in the entire game.
 B = Kills by you in this place as a percentage of kills by you in the entire game.
 C = Kills by friends in this place as a percentage of kills by friends in the entire game.
 D = Other kills in this place as a percentage of other kills in the entire game.
 E = Experience gained in this place as a percentage of experience gained in the entire game.
 F = Experience gained in this place divided by the number of levels of this place that you have seen.
                   A       B       C       D       E      F
               +-------+-------+-------+-------+-------+----------------------
         Total | 100.0 | 100.0 |   N/A |   N/A | 100.0 |  97.6
       Dungeon |  71.9 |  71.9 |   N/A |   N/A |  74.4 |  90.8
       Ossuary |  28.1 |  28.1 |   N/A |   N/A |  25.6 | 125.0
               +-------+-------+-------+-------+-------+----------------------
